 Dungeon Crawl Stone Soup version 0.23.2-1-ga50397a6bc (webtiles) character file.

Game seed: 9893188618831391257

4052 Gargoyl the Chopper (level 10, -4/72 HPs)
             Began as a Centaur Abyssal Knight on May 16, 2019.
             Was an Elder of Lugonu.
             Slain by a wyvern (8 damage)
             ... on level 1 of the Lair of Beasts on May 17, 2019.
             The game lasted 00:15:18 (12135 turns).

Gargoyl the Chopper (Centaur Abyssal Knight)       Turns: 12135, Time: 00:15:20

Health: -4/72      AC: 13    Str: 17    XL:     10   Next: 4%
Magic:  14/14      EV:  8    Int: 11    God:    Lugonu [****..]
Gold:   593        SH:  9    Dex: 12    Spells: 9/9 levels left

rFire    . . .     SeeInvis .   a - +1 hand axe
rCold    . . .     Gourm    .   z - +1 shield
rNeg     + . .     Faith    .   g - +2 ring mail {rN+}
rPois    .         Spirit   .   (no helmet)
rElec    .         Reflect  .   (no cloak)
rCorr    .         Harm     .   d - +1 pair of gloves
MR       .....                  (no barding)
Stlth    ..........             (no amulet)
HPRegen  0.22/turn              (no ring)
MPRegen  0.14/turn              (no ring)

@: very quick
A: large, hooves 3, iridescent scales 1, agile 1, deformed body, speed 2, frail
1, tough skin 3
a: Depart the Abyss, Bend Space, Banish, Corrupt, Renounce Religion


You were on level 1 of the Lair of Beasts.
You worshipped Lugonu.
Lugonu was greatly pleased with you.
You were very hungry.

You visited 2 branches of the dungeon, and saw 9 of its levels.
You visited the Abyss 1 time.

You collected 593 gold pieces.

Inventory:

Hand Weapons
 a - a +1 hand axe (weapon)
 e - a +0 giant spiked club
 t - a +0 war axe
Missiles
 k - 6 tomahawks (quivered)
Armour
 d - a +1 pair of gloves (worn)
 g - a +2 ring mail of positive energy (worn)
 z - a +1 shield (worn)
Jewellery
 y - an uncursed ring of ice
 D - an uncursed amulet of magic regeneration {unknown}
Wands
 p - a wand of iceblast (9)
 q - a wand of digging (5)
 r - a wand of enslavement (6)
 A - a wand of random effects (20)
 C - a wand of polymorph (11)
Scrolls
 b - 3 scrolls of identify
 j - 5 scrolls of remove curse
 l - a scroll of fog
 n - a scroll of fear
 u - 3 scrolls of teleportation
Potions
 h - a potion of heal wounds
 i - 2 potions of flight
 m - a potion of brilliance
 o - 2 potions of magic
 s - a potion of agility
 v - a potion of lignification
 w - 3 potions of curing
 x - a potion of haste
 B - a potion of degeneration {unknown}
Comestibles
 c - 13 rations


   Skills:
 + Level 5.3 Fighting
 + Level 6.7 Axes
 + Level 2.2 Throwing
 * Level 6.0 Armour
 * Level 4.6 Dodging
 + Level 1.6 Shields
 * Level 6.3 Invocations


You had 9 spell levels left.
You didn't know any spells.
Your spell library was empty.

Dungeon Overview and Level Annotations

Branches:
Dungeon (8/15)             Temple (0/1) D:7            Lair (1/6) D:8

Altars:
Ashenzari
Dithmenos
Elyvilon
Fedhas
Hepliaklqana
Okawaru
Qazlal
Sif Muna
Vehumet
Xom
The Shining One

Shops:
D:4 *   D:5 %   D:7 %

Annotations:
D:3 3 runed translucent doors, Freyura's ghost, amateur DsGl


Innate Abilities, Weirdness & Mutations

You have hooves in place of feet.
Armour fits poorly on your strangely shaped body.
You cover ground very quickly.
You have extremely tough skin. (AC +3)
You are partially covered in iridescent scales. (AC +2)
You are agile. (Dex +2)
You are frail. (-10% HP)


Message History

The spiny frog is almost dead.
You closely miss the wyvern. The wyvern bites you! The spiny frog stings you!
* * * LOW HITPOINT WARNING * * *
The wyvern bites you but does no damage.
Unknown command.
You feel much better. The wyvern bites you!
* * * LOW HITPOINT WARNING * * *
You block the spiny frog's attack.
You closely miss the spiny frog.
The spiny frog is almost dead.
You closely miss the wyvern. The wyvern closely misses you.
You block the spiny frog's attack. You block the wyvern's attack.
You hit the spiny frog. Your kick misses the spiny frog.
The spiny frog is almost dead.
You hit the wyvern but do no damage.
The wyvern bites you but does no damage.
The spiny frog stings you!!
* * * LOW HITPOINT WARNING * * *
The wyvern bites you!
You die...

(.(.... .. .. ....... .(..
. #P.....# .#. ⌠. #!......
..# .. #.....##..#.#
#.......#... #....F...#
##....l@..# .# #.........##
#
...####..........####..##.
.................†.........
#.................)........
...........##.##########.##
...........####
#..........## #...........#


You could see a spiny frog and a wyvern.

Vanquished Creatures
  Pikel (D:5)
  The ghost of BorisKarlOrff the Insei, a novice MfTm (D:4)
  A spriggan (D:7)
  Sigmund (D:2)
  Eustachio (D:6)
  A hungry ghost (D:8)
  2 water moccasins (Lair:1)
  Duvessa (D:4)
  An orc warrior (D:7)
  2 ice beasts
  A sky beast (D:5)
  A necrophage (D:7)
  2 phantoms
  An ogre (D:8)
  A big kobold (D:7)
  Blork the orc (D:5)
  A bullfrog (D:7)
  A scorpion (D:6)
  Dowan (D:4)
  A howler monkey (D:4)
  4 crimson imps
  A jelly (D:8)
  An orc priest (D:3)
  A hound (D:7)
  2 bullfrog skeletons
  4 orc wizards
  Jessica (D:3)
  Ijyb (D:5)
  An iguana (D:8)
  3 worker ants
  Terence (D:2)
  A hound zombie (D:5)
  A hound skeleton (D:6)
  A worker ant zombie (D:6)
  9 adders
  5 gnolls
  2 shadow imps
  An ooze (D:2)
  An adder zombie (D:6)
  2 adder skeletons
  A worm (D:3)
  3 dart slugs
  2 leopard geckos
  27 orcs
  3 ball pythons
  7 bats
  2 giant cockroaches (D:1)
  10 goblins
  14 hobgoblins
  24 jackals
  12 kobolds
  4 quokkas
  2 frilled lizards
  A quokka skeleton (D:4)
  9 rats
187 creatures vanquished.

Vanquished Creatures (others)
  A two-headed ogre (D:8)
  A troll (D:5)
  A crocodile (D:8)
  2 jackals (D:6)
5 creatures vanquished.

Grand Total: 192 creatures vanquished

Notes
Turn   | Place    | Note
-------+----------+-------------------------------------------
     0 | Abyss:1  | Gargoyl the Centaur Abyssal Knight began the quest for the
                  | Orb.
     0 | Abyss:1  | Reached XP level 1. HP: 19/19 MP: 2/2
     1 | Abyss:1  | Found a corrupted altar of Lugonu.
    61 | Abyss:2  | Noticed a wretched star
    69 | D:1      | Escaped the Abyss
   173 | D:1      | Reached * piety under Lugonu
   200 | D:1      | Reached XP level 2. HP: 23/26 MP: 3/3
   398 | D:1      | Reached skill level 1 in Dodging
   638 | D:1      | Reached XP level 3. HP: 31/31 MP: 4/4
  1283 | D:2      | Noticed Terence
  1296 | D:2      | HP: 1/31 [poisoned by Terence]
  1330 | D:3      | Reached ** piety under Lugonu
  1668 | D:3      | Found a blossoming altar of Fedhas.
  1668 | D:3      | Found a white marble altar of Elyvilon.
  1668 | D:3      | Found a shimmering altar of Xom.
  1668 | D:3      | Found a radiant altar of Vehumet.
  1671 | D:3      | Found a shattered altar of Ashenzari.
  1921 | D:3      | Reached XP level 4. HP: 33/38 MP: 5/5
  2232 | D:2      | Found an iron altar of Okawaru.
  2429 | D:2      | Killed Terence
  2429 | D:2      | Reached XP level 5. HP: 46/46 MP: 7/7
  2529 | D:2      | Noticed Sigmund
  2530 | D:2      | Gained mutation: You are agile. (Dex +2) [potion of
                  | mutation]
  2530 | D:2      | Gained mutation: You are frail. (-10% HP) [potion of
                  | mutation]
  2530 | D:2      | Gained mutation: You are partially covered in iridescent
                  | scales. (AC +2) [potion of mutation]
  2554 | D:2      | Killed Sigmund
  2554 | D:2      | Reached XP level 6. HP: 22/46 MP: 8/8
  2832 | D:2      | Found a shadowy altar of Dithmenos.
  3389 | D:3      | Found a runed translucent gate.
  3390 | D:3      | Found a runed translucent gate.
  3391 | D:3      | Found a runed translucent gate.
  3398 | D:3      | Noticed Freyura's ghost (amateur DsGl)
  3483 | D:3      | Reached *** piety under Lugonu
  4267 | D:3      | Noticed Jessica
  4280 | D:3      | Killed Jessica
  4604 | D:4      | Found a large runed translucent door.
  4605 | D:4      | Found a large runed translucent door.
  4906 | D:4      | Reached XP level 7. HP: 47/53 MP: 9/9
  5015 | D:4      | Found Janwaoc's Assorted Antiques.
  5063 | D:4      | Noticed Dowan
  5076 | D:4      | Killed Dowan
  5084 | D:4      | Noticed Duvessa
  5110 | D:4      | Killed Duvessa
  5526 | D:4      | Found a stormy altar of Qazlal.
  5805 | D:4      | Found a deep blue altar of Sif Muna.
  5965 | D:4      | Noticed BorisKarlOrff's ghost (novice MfTm)
  5995 | D:4      | Killed BorisKarlOrff's ghost
  5995 | D:4      | Reached skill level 1 in Throwing
  5995 | D:4      | Reached XP level 8. HP: 17/60 MP: 9/11
  6221 | D:5      | Entered Level 5 of the Dungeon
  6254 | D:5      | Noticed Ijyb
  6270 | D:5      | Killed Ijyb
  6296 | D:5      | Found Archagam's Food Boutique.
  6346 | D:5      | Noticed Blork the orc
  6349 | D:5      | Noticed a troll
  6368 | D:5      | Killed Blork the orc
  6382 | D:5      | Banished a troll
  6924 | D:5      | Reached skill level 5 in Axes
  7464 | D:6      | Noticed Pikel
  7488 | D:5      | Killed Pikel
  7488 | D:5      | Reached skill level 5 in Armour
  7488 | D:5      | Reached skill level 5 in Invocations
  7753 | D:6      | Reached XP level 9. HP: 64/65 MP: 12/12
  8486 | D:6      | Noticed Eustachio
  8522 | D:6      | Killed Eustachio
  9033 | D:7      | Reached skill level 5 in Fighting
  9236 | D:7      | Reached **** piety under Lugonu
  9450 | D:7      | Found a hazy altar of Hepliaklqana.
  9787 | D:7      | Reached skill level 1 in Shields
  9895 | D:7      | Found Huosar's Food Emporium.
 10112 | D:7      | Found a staircase to the Ecumenical Temple.
 10356 | D:8      | Found a glowing golden altar of the Shining One.
 10833 | D:8      | Noticed a two-headed ogre
 11017 | D:8      | Banished a two-headed ogre
 11361 | D:8      | Found a staircase to the Lair.
 11765 | Lair:1   | Entered Level 1 of the Lair of Beasts
 11787 | Lair:1   | Reached XP level 10. HP: 33/72 MP: 14/14
 12121 | Lair:1   | Noticed a spiny frog
 12135 | Lair:1   | Slain by a wyvern

Skill      XL: |  1  2  3  4  5  6  7  8  9 |
---------------+----------------------------+-----
Dodging        | 1 2 3 4 |  4.6
Axes           | 2 3 4 5 6 |  6.7
Armour         | 2 3 4 5 6 |  6.0
Invocations    | 3 4 5 6 |  6.3
Fighting       | 4 5 |  5.3
Throwing       | 1 2 |  2.2
Shields        | 1 |  1.6

Action                   |  1- 3 |  4- 6 |  7- 9 | 10-12 || total
-------------------------+-------+-------+-------+-------++-------
Melee: Hand axe          |   142 |   200 |   510 |    17 ||   869
       Kick              |    18 |    54 |   106 |     8 ||   186
Throw: Javelin           |       |     2 |    11 |     2 ||    15
       Tomahawk          |       |       |    19 |     1 ||    20
Invok: Depart the Abyss  |     1 |       |       |       ||     1
       Banish            |       |       |     3 |       ||     3
  Use: Potion            |     5 |     3 |     5 |     1 ||    14
       Scroll            |     5 |     9 |     5 |       ||    19
  Eat: Chunk             |     1 |     9 |    12 |       ||    22
       Ration            |       |       |     4 |       ||     4
Armor: Leather armour    |    29 |       |       |       ||    29
       Chain mail        |    95 |    76 |       |       ||   171
       Ring mail         |       |    42 |   240 |    14 ||   296
       Skin              |       |       |    40 |       ||    40
Dodge: Dodged            |    40 |    58 |   185 |     4 ||   287
Block: Shield            |       |       |   118 |     7 ||   125
